 Dungeon Crawl Stone Soup version 0.21.1-1-g345015f (webtiles) character file.

826 VLARC the Digger (level 7, -22/50 HPs)
             Began as a Demigod Earth Elementalist on Apr 1, 2018.
             Annihilated by an orc warrior
             ... wielding a +0 battleaxe
              (27 damage)
             ... on level 6 of the Dungeon.
             The game lasted 00:09:35 (5728 turns).

VLARC the Digger (Demigod Earth Elementalist)       Turns: 5728, Time: 00:09:35

Health: -22/50     AC:  4    Str: 11    XL:     7   Next: 37%
Magic:  0/13       EV: 12    Int: 23    God:
Gold:   251        SH:  4    Dex: 16    Spells: 1/10 levels left

rFire    x . .     SeeInvis .   t - +0 dagger (venom)
rCold    + . .     Gourm    .   (no shield)
rNeg     . . .     Faith    .   c - +0 robe
rPois    .         Spirit   .   (no helmet)
rElec    .         Reflect  +   g - +0 cloak
rCorr    .         Harm     .   a - +0 pair of gloves
MR       .....                  (no boots)
Stlth    ++........             d - +4 amulet of reflection
HPRegen  0.16/turn              s - ring of ice
MPRegen  0.13/turn              (no ring)

@: no status effects
A: high mp 1
a: no special abilities


You were on level 6 of the Dungeon.
You were hungry.

You visited 1 branch of the dungeon, and saw 6 of its levels.

You collected 251 gold pieces.

Inventory:

Hand Weapons
 t - a +0 dagger of venom (weapon)
Missiles
 j - 3 stones (quivered)
Armour
 a - a +0 pair of gloves (worn)
 c - a +0 robe (worn)
 g - a +0 cloak (worn)
Jewellery
 d - a +4 amulet of reflection (around neck)
 s - a ring of ice (left hand)
Wands
 b - a wand of scattershot (5)
Scrolls
 r - 2 scrolls of teleportation
 x - a scroll of identify
Potions
 e - a potion of invisibility
 h - 4 potions of curing
 i - 2 potions of haste
 k - 2 potions of resistance
 l - a potion of berserk rage
 m - 3 potions of mutation
 n - a potion of ambrosia
 o - 4 potions of brilliance {unknown}
 p - a potion of heal wounds
 q - a potion of might {unknown}
 u - a potion of flight {unknown}
 v - 2 potions of agility {unknown}
Books
 w - a book of Necromancy

   Spells                             Type                      Level
   a - Pain                           Necromancy                   1
   b - Animate Skeleton               Necromancy                   1
   c - Vampiric Draining              Necromancy                   3
   d - Regeneration                   Charms/Necromancy            3
   e - Animate Dead                   Necromancy                   4
   f - Borgnjor's Vile Clutch         Necromancy/Earth             5
Comestibles
 f - 9 rations
 z - 4 chunks of flesh


   Skills:
 - Level 1.7 Dodging
 - Level 1.7 Stealth
 - Level 2.0 Spellcasting
 + Level 3.9 Conjurations
   Level 0.8 Transmutations
 - Level 7.2 Earth Magic


You had one spell level left.
You knew the following spells:

 Your Spells              Type           Power        Failure   Level  Hunger
a - Sandblast             Erth           #####.       1%          1    #......
b - Stone Arrow           Conj/Erth      ####..       3%          3    ###....
c - Lee's Rapid Deconstr  Erth           #####.....   19%         5    ######.


Dungeon Overview and Level Annotations

Branches:
Dungeon (6/15)
 Temple: D:4-7

Annotations:
D:5 Baghtru's ghost, novice MiFi


Innate Abilities, Weirdness & Mutations

You have an increased reservoir of magic. (+10% MP)


Message History

Casting: Sandblast
Confirm with . or Enter, or press ? or * to list all spells.
Aiming: Sandblast
Press: ? - help, Shift-Dir - straight line, f/p - orc warrior
Aim: an orc warrior, wielding a battleaxe and wearing a glowing chain mail (almost dead)
The blast of sand hits the orc warrior.
The orc warrior is almost dead.
j - 4 stones The orc warrior hits you with a battleaxe!!
* * * LOW HITPOINT WARNING * * *
Casting: Sandblast
Confirm with . or Enter, or press ? or * to list all spells.
Aiming: Sandblast
Press: ? - help, Shift-Dir - straight line, f/p - orc warrior
Aim: an orc warrior, wielding a battleaxe and wearing a glowing chain mail (almost dead)
The blast of sand misses the orc warrior.
j - 3 stones The orc warrior hits you with a battleaxe!!
Ouch! That really hurt!
You die...

.#####.....)..))......†....$...
.#.....#.########..÷..#........
.#.###.#.########.....#...%....
.#.###>........................
.....#.#####.....###.##########
...#.#...........# #...
.#.#.#)...##.....###.....
.###.#....##.#..o.##.......
.....#.#..##.#..@.#...#....
######)#..## #....#...#.....
#.....#..# #.....)..#.....
#.....#..#.###.###.....)...
#.....#..#.###. #.......#
#.[...#..#..... #.......#
#.....#..#..##. #......##
##.......#..##. #......#
#.......... #......#


You could see an orc warrior.

Vanquished Creatures
  Edmund (D:4)
  The ghost of AdmiralAndromeda the Chopper, an amateur DDMo (D:3)
  A phantom (D:5)
  A howler monkey (D:6)
  A hound (D:4)
  Crazy Yiuf (D:6)
  2 centaur skeletons (D:5)
  An orc priest (D:4)
  3 orc wizards
  A worker ant (D:6)
  2 hound skeletons
  A howler monkey skeleton (D:6)
  2 river rats (D:3)
  7 adders
  A shadow imp (D:6)
  6 worms
  2 dart slugs (D:2)
  2 leopard geckos
  15 orcs
  2 giant cockroaches
  5 hobgoblins
  11 jackals
  4 quokkas
  A ball python (D:2)
  3 bats
  3 frilled lizards
  A giant cockroach zombie (D:5)
  9 goblins
  6 kobolds
  A leopard gecko skeleton (D:3)
  12 rats
  A fungus (D:6)
110 creatures vanquished.

Notes
Turn   | Place    | Note
-------+----------+-------------------------------------------
     0 | D:1      | VLARC the Demigod Earth Elementalist began the quest for the Orb.
     0 | D:1      | Reached XP level 1. HP: 14/14 MP: 5/5
   164 | D:1      | Reached skill level 3 in Earth Magic
   330 | D:1      | Reached XP level 2. HP: 20/20 MP: 5/7
   778 | D:2      | Reached XP level 3. HP: 26/26 MP: 6/8
   821 | D:2      | Reached skill level 4 in Earth Magic
  1540 | D:2      | Found a glowing golden altar of the Shining One.
  1619 | D:3      | Reached XP level 4. HP: 27/33 MP: 2/9
  1748 | D:3      | Found a faded altar of an unknown god.
  1750 | D:3      | Noticed AdmiralAndromeda's ghost (amateur DDMo)
  1763 | D:3      | Killed AdmiralAndromeda's ghost
  1763 | D:3      | Reached skill level 5 in Earth Magic
  1763 | D:3      | Reached XP level 5. HP: 36/38 MP: 4/10
  2723 | D:3      | Learned a level 3 spell: Stone Arrow
  2757 | D:4      | Reached skill level 6 in Earth Magic
  3030 | D:4      | Reached XP level 6. HP: 19/45 MP: 3/11
  3507 | D:4      | Noticed Edmund
  3544 | D:4      | Killed Edmund
  3544 | D:4      | Reached skill level 7 in Earth Magic
  3919 | D:4      | Found a glowing silver altar of Zin.
  3921 | D:4      | Found a shimmering altar of Xom.
  3921 | D:4      | Found a shattered altar of Ashenzari.
  3923 | D:4      | Found a shadowy altar of Dithmenos.
  3923 | D:4      | Found a burning altar of Makhleb.
  3923 | D:4      | Found a shadowy altar of Dithmenos.
  4120 | D:4      | Found a glowing golden altar of the Shining One.
  4408 | D:4      | Learned a level 5 spell: Lee's Rapid Deconstruction
  4429 | D:5      | Entered Level 5 of the Dungeon
  4466 | D:5      | Reached skill level 1 in Conjurations
  4652 | D:5      | Reached XP level 7. HP: 39/50 MP: 5/13
  4923 | D:5      | Noticed Baghtru's ghost (novice MiFi)
  5251 | D:6      | Found a runed door.
  5255 | D:6      | Noticed Crazy Yiuf
  5257 | D:6      | Killed Crazy Yiuf
  5728 | D:6      | Annihilated by an orc warrior

Skill      XL: |  1  2  3  4  5  6  7 |
---------------+----------------------+-----
Spellcasting   | 2 |  2.0
Earth Magic    | 3 4 5 6 7 |  7.2
Conjurations   | 2 3 |  3.9
Dodging        | |  1.7
Stealth        | |  1.7
Transmutations | |  0.8

Action                   |  1- 3 |  4- 6 |  7- 9 || total
-------------------------+-------+-------+-------++-------
Melee: Unarmed           |     9 |    20 |       ||    29
       Dagger            |       |    41 |    77 ||   118
 Cast: Sandblast         |    60 |    83 |     4 ||   147
       Stone Arrow       |       |     3 |    19 ||    22
  Use: Scroll            |     7 |     3 |     4 ||    14
 Stab: Sleeping          |     1 |     2 |       ||     3
  Eat: Chunk             |     2 |     9 |     3 ||    14
       Ration            |       |       |     1 ||     1
Armor: Robe              |     6 |    12 |    19 ||    37
Dodge: Dodged            |    11 |    55 |    42 ||   108
Block: Other             |     5 |    15 |    16 ||    36
       Reflection        |       |     1 |       ||     1
